 Dungeon Crawl Stone Soup version 0.29-a0-824-gd827844252 (webtiles) character file.

Game seed: 18363966190183879386

156 27snakeeyes612 the Trooper (level 5, -11/50 HPs)
             Began as a Naga Fighter on July 10, 2022.
             Mangled by an ogre
             ... wielding a +0 giant club
              (15 damage)
             ... on level 4 of the Dungeon.
             The game lasted 00:02:00 (3849 turns).

27snakeeyes612 the Trooper (Naga Fighter)           Turns: 3849, Time: 00:02:01

Health: -11/50     AC:  6    Str: 21    XL:     5   Next: 38%
Magic:  5/5        EV:  7    Int:  8    God:
Gold:   128        SH:  4    Dex: 10    Spells: 4/4 levels left

rFire   . . .      SeeInvis +   a - +1 war axe
rCold   . . .      Faith    .   c - +0 buckler
rNeg    . . .      Spirit   .   b - +1 scale mail
rPois   +          Reflect  .   (no helmet)
rElec   .          Harm     .   (no cloak)
rCorr   .          Rampage  .   (no gloves)
Will    .....                   (no barding)
Stlth   ..........              (no amulet)
HPRegen 0.16/turn               (no ring)
MPRegen 0.09/turn               (no ring)

@: very slow
A: AC +1, large, see invisible, deformed body, poison resistance, slowness 2,
spit poison 1, naga tail 1
a: Spit Poison


You were on level 4 of the Dungeon.
You visited 1 branch of the dungeon, and saw 4 of its levels.

You collected 128 gold pieces.

Inventory:

Hand Weapons
 a - a +1 war axe (weapon)
Armour
 b - a +1 scale mail (worn)
 c - a +0 buckler (worn)
Jewellery
 n - an amulet of guardian spirit
 q - a ring of resist corrosion
Scrolls
 g - a scroll of magic mapping
 j - a scroll of torment {unknown}
 l - 4 scrolls of identify
 m - a scroll of enchant weapon
Potions
 d - 3 potions of might
 e - 4 potions of curing
 f - a potion of mutation {unknown}
 h - a potion of resistance {unknown}
 i - a potion of heal wounds {unknown}
 k - 3 potions of brilliance {unknown}
 p - a potion of cancellation {unknown}
 v - 2 potions of lignification {unknown}


   Skills:
 + Level 3.9 Fighting
 + Level 3.1 Axes
 + Level 3.2 Armour
 + Level 3.4 Shields


You had 4 spell levels left.
You didn't know any spells.
Your spell library contained the following spells:

 Spells                   Type           Power      Damage    Failure   Level
 Apportation              Tloc           0%         N/A       82%         1
 Necrotise                Necr           0%         1d4       82%         1
 Summon Small Mammal      Summ           0%         N/A       82%         1
 Animate Armour           Summ/Erth      0%         N/A       100%        4
 Blade Hands              Tmut           0%         N/A       100%        5
 Fireball                 Conj/Fire      0%         3d3       100%        5
 Iskenderun's Battlesphe  Conj           0%         2d6       100%        5
 Conjure Ball Lightning   Conj/Air       0%         3x3d6     100%        6
 Iron Shot                Conj/Erth      0%         9d1       100%        6
 Orb of Destruction       Conj           0%         9d5       100%        7


Dungeon Overview and Level Annotations

Branches:
Dungeon (4/15)
 Temple: D:4-7

Altars:
Nemelex Xobeh
Okawaru
Ru
Uskayaw
Xom
Yredelemnul


Innate Abilities, Weirdness & Mutations

Your serpentine skin is tough. (AC +1)
You have supernaturally acute eyesight. (SInv)
Armour fits poorly on your strangely shaped body.
Your system is resistant to poisons. (rPois)
You cover ground very slowly.
You can spit poison.
You have a snake-like lower body.


Message History

No target in view!
No target in view!
No target in view!
No target in view!
No target in view!
No target in view!
An ogre comes into view. It is wielding a +0 giant club.
An ogre is nearby!
An ogre is nearby!
The ogre shouts!
You hear a shout!
Aiming: Spit Poison (1% risk of failure)
Press: ? - help, Q - select action Shift-Dir - straight line, f - ogre
Aim: an ogre, wielding a +0 giant club (81% to hit)
The splash of poison misses the ogre.
Things that are here:
5 stones; a fizzy coppery potion You have got your breath back.
Aiming: Spit Poison (1% risk of failure)
Press: ? - help, Q - select action Shift-Dir - straight line, f/p - ogre
Aim: an ogre, wielding a +0 giant club (81% to hit)
The splash of poison hits the ogre.
The ogre is lightly wounded.
The ogre barely misses you.
You completely miss the ogre.
The ogre is lightly wounded.
The ogre hits you with a +0 giant club!!
You hit the ogre.
The ogre is lightly wounded.
The ogre hits you with a +0 giant club!
* * * LOW HITPOINT WARNING * * *
You slash the ogre!
The ogre is heavily wounded.
The ogre completely misses you.
You slash the ogre!
The ogre is severely wounded.
You barely miss the ogre.
The ogre is severely wounded.
You have got your breath back.
The ogre hits you with a +0 giant club!
You die...

#.####.#.#.########*+**#'***
#.................,,,* #.#######
#..###.#.#..#..#########.#......
#....#.#.#<.....................
##.#.#.#.......#########.#.#####
###.#.#.###...............#.#
#.....#.# #...#.............#####
#.#.###.####>....................
#.#.............@O(.........#####
#.#...#.###########'#######.#
#.#.#.#.#####,,,*#((≈.# ##.##
#.#.#.#.....+,,,#.≈.≈## ##...##
#.#.#.#######,,,##≈.≈.*##.....##
#.#.#.# *,,,*.≈.≈###.......##
*,#.#.# *,,,##≈.≈.#.........#
*,#.#.# *,,,*.≈.≈##..........
*,,,#.# *,,,*##_###..........


You could see an ogre.

Vanquished Creatures
  An orc wizard (D:4)
  A gnoll (D:4)
  5 adders
  2 dart slugs (D:3)
  4 orcs
  2 endoplasms
  2 giant cockroaches (D:3)
  9 goblins
  3 hobgoblins
  11 jackals
  6 kobolds
  8 quokkas
  4 ball pythons
  2 bats
  A frilled lizard (D:2)
  3 rats
64 creatures vanquished.

Vanquished Creatures (others)
  A plant (D:1)
1 creature vanquished.

Grand Total: 65 creatures vanquished

Notes
Turn   | Place    | Note
-------+----------+-------------------------------------------
     0 | D:1      | 27snakeeyes612 the Naga Fighter began the quest for the
                  | Orb.
     0 | D:1      | Reached XP level 1. HP: 21/21 MP: 1/1
   237 | D:1      | Reached XP level 2. HP: 22/28 MP: 2/2
   696 | D:1      | Found a faded altar of an unknown god.
   960 | D:2      | Reached XP level 3. HP: 20/34 MP: 3/3
  1526 | D:2      | Reached XP level 4. HP: 31/42 MP: 4/4
  1947 | D:3      | Found a hide-covered altar of Uskayaw.
  3289 | D:4      | Found a sparkling altar of Nemelex Xobeh.
  3292 | D:4      | Found a sacrificial altar of Ru.
  3295 | D:4      | Found a shimmering altar of Xom.
  3298 | D:4      | Found a basalt altar of Yredelemnul.
  3328 | D:4      | Reached XP level 5. HP: 23/50 MP: 5/5
  3828 | D:4      | Found an iron altar of Okawaru.
  3837 | D:4      | Noticed an ogre
  3849 | D:4      | Mangled by an ogre

Illustrated notes

Levels and vault maps discovered:
D:1:      nicolae_arrival_washed_ashore, layout_loops_ring,
          chequers_ecumenical_altar_lobes
D:2:      layout_basic, minmay_misc_feat_nine_boxes
D:3:      layout_basic, mainiacjoe_overflow_24_doors, gup_sewer_entry_pipe,
          st_stairs_12
D:4:      layout_basic, okawaru_altar_gauntlet_db,
          grunt_temple_overflow_cloverleaf

Skill      XL: |  1  2  3  4 |
---------------+-------------+-----
Shields        | 3 |  3.4
Armour         | 3 |  3.2
Axes           | 3 |  3.1
Fighting       | |  3.9

Action                   |  1- 3 |  4- 6 || total
-------------------------+-------+-------++-------
Melee: War axe           |    94 |    90 ||   184
 Abil: Spit Poison       |    15 |    13 ||    28
  Use: Scroll            |       |    10 ||    10
Armor: Scale mail        |    70 |    60 ||   130
Dodge: Dodged            |    46 |    45 ||    91
Block: Buckler           |    32 |    22 ||    54

Table legend: (Time is in decaauts)
 A = Elapsed time spent in this place.
 B = Non-inter-level travel time spent in this place.
 C = Inter-level travel time spent in this place.
 D = Time resting spent in this place.
 E = Time spent auto-exploring this place.
 F = Levels seen in this place.
 G = Mean time per level.
                   A        B        C        D        E       F      G
               +--------+--------+--------+--------+--------+-----+--------+
         Total |   4827 |   4627 |    200 |    263 |   3806 |   4 | 1206.8 |
       Dungeon |   4827 |   4627 |    200 |    263 |   3806 |   4 | 1206.8 |
               +--------+--------+--------+--------+--------+-----+--------+

Top non-repeatable levels by time:
     D:3: 1509 daAuts
     D:1: 1208 daAuts
     D:2: 1146 daAuts
     D:4: 963 daAuts
